 Dungeon Crawl Stone Soup version 0.22-a0-247-gbddf880 (webtiles) character file.

37 Amnesiac the Charlatan (level 3, 0/20 HPs)
             Began as a Deep Elf Artificer on Feb 24, 2018.
             Succumbed to an adder's poison
             ... on level 3 of the Dungeon.
             The game lasted 00:01:12 (431 turns).

Amnesiac the Charlatan (Deep Elf Artificer)          Turns: 431, Time: 00:01:13

Health: 0/20       AC:  3    Str: 10    XL:     3   Next: 23%
Magic:  8/8        EV: 18    Int: 15    God:
Gold:   0          SH:  0    Dex: 20    Spells: 2/2 levels left

rFire    . . .     SeeInvis .   a - +0 short sword
rCold    . . .     Gourm    .   (no shield)
rNeg     . . .     Faith    .   b - +0 leather armour
rPois    .         Spirit   .   (no helmet)
rElec    .         Reflect  .   (no cloak)
rCorr    .         Harm     .   (no gloves)
MR       .....                  (no boots)
Stlth    +++.......             (no amulet)
HPRegen  0.06/turn              (no ring)
MPRegen  0.11/turn              (no ring)

@: agile, lethally poisoned (0 -> -2), very slightly contaminated, invisible
A: no striking features
a: no special abilities


You were on level 3 of the Dungeon.
You were not hungry.

You visited 1 branch of the dungeon, and saw 3 of its levels.

Inventory:

Hand Weapons
 a - a +0 short sword (weapon)
Missiles
 k - 30 stones (quivered)
Armour
 b - a +0 leather armour (worn)
Wands
 c - a wand of flame (8)
 d - a wand of enslavement (15)
 e - a wand of random effects (12)
Scrolls
 i - a scroll of amnesia {!r, unknown}
 l - a scroll of magic mapping {!r, unknown}
Comestibles
 f - a ration
 g - 8 chunks of flesh


   Skills:
 - Level 1.0 Fighting
 - Level 1.0 Short Blades
 - Level 2.4 Dodging
 - Level 1.2 Stealth
 + Level 4.7 Evocations


You had 2 spell levels left.
You didn't know any spells.

Dungeon Overview and Level Annotations

Branches:
Dungeon (3/15)

Altars:

Annotations:
D:2 Sigmund, Terence


Message History

You feel stronger.
You feel a bit more experienced.
Evoke which item? (* to show all) (? for menu, Esc to quit)
Aiming: Throw Flame
Press: ? - help, Shift-Dir - straight line, f - adder
Aim: an adder The puff of flame misses the adder.
The adder closely misses you.
Evoke which item? (* to show all) (? for menu, Esc to quit)
Aiming: Throw Flame
Press: ? - help, Shift-Dir - straight line, f/p - adder
Aim: an adder The puff of flame hits the adder.
The adder is almost dead.
The adder closely misses you. The adder bites you.
* * * LOW HITPOINT WARNING * * *
You are poisoned.
The adder poisons you!
Evoke which item? (* to show all) (? for menu, Esc to quit)
Aiming: Throw Flame
Press: ? - help, Shift-Dir - straight line, f/p - adder
Aim: an adder (almost dead)
The puff of flame misses the adder.
You feel sick. The adder bites you.
* * * LOW HITPOINT WARNING * * *
Evoke which item? (* to show all) (? for menu, Esc to quit)
Aiming: Throw Flame
Press: ? - help, Shift-Dir - straight line, f/p - adder
Aim: an adder (almost dead)
The puff of flame misses the adder.
The adder bites you.
* * * LOW HITPOINT WARNING * * *
Evoke which item? (* to show all) (? for menu, Esc to quit)
Aiming: Throw Flame
Press: ? - help, Shift-Dir - straight line, f/p - adder
Aim: an adder (almost dead)
The puff of flame hits the adder.
You kill the adder!
* * * LOW HITPOINT WARNING * * *
You feel sick.
Really quaff
h - a fuming grey potion {!q}?
It was a potion of agility {!q}.
You feel agile all of a sudden.
Really quaff
j - a metallic emerald potion {!q}?
It was a potion of invisibility {!q}.
You fade into invisibility!
You are very lightly contaminated with residual magic.
* * * LOW HITPOINT WARNING * * *
You feel sick.
There is an open door, spattered with blood here.
You see here a rat corpse.
You butcher the rat corpse.
There is an open door, spattered with blood here.
You see here a chunk of flesh.
You see here an adder corpse.
You butcher the adder corpse.
You see here 2 chunks of flesh.
g - 7 chunks of flesh (gained 2)
* * * LOW HITPOINT WARNING * * *
You feel sick.
There is an open door, spattered with blood here.
You see here a chunk of flesh.
g - 8 chunks of flesh (gained 1)
Found a runed wooden wand.
Okay, then.
A goblin comes into view. It is wielding a club.
You die...

#.##...##
#.###..⌠#
#...#.<.#
###########..⌠#
........##...##
#......#⌠..##
#.###..'..##
#......#⌠##
####.@.###
#....g...#
#........#
.........#
<..########
#.## /. ###


You could see a goblin (wandering).

Vanquished Creatures
  A gnoll (D:1)
  2 adders (D:3)
  A leopard gecko (D:3)
  2 giant cockroaches (D:1)
  2 goblins
  3 rats
11 creatures vanquished.

Notes
Turn   | Place    | Note
-------+----------+-------------------------------------------
     0 | D:1      | Amnesiac the Deep Elf Artificer began the quest for the Orb.
     0 | D:1      | Reached XP level 1. HP: 11/11 MP: 5/5
    30 | D:1      | Reached skill level 1 in Fighting
   235 | D:2      | Noticed Terence
   286 | D:1      | Reached skill level 4 in Evocations
   286 | D:1      | Reached XP level 2. HP: 16/16 MP: 7/7
   347 | D:2      | Noticed Sigmund
   415 | D:3      | Reached XP level 3. HP: 14/20 MP: 8/8
   423 | D:3      | HP: 1/20 [poisoned by an adder]
   431 | D:3      | Succumbed to an adder's poison

Vault maps used:
D:1:      saegor_arrival_simple_e, minivault_5, minmay_quantized
D:2:      overflow_temple_1_default, gammafunk_temple_overflow_forgotten,
          nicolae_overflow_hidden_temple, uniq_terence, uniq_sigmund
D:3:      grunt_ministairs_8, minivault_27

Skill      XL: |  1 |
---------------+----+-----
Fighting       | 1 |  1.0
Evocations     | 4 |  4.7
Short Blades   | |  1.0
Dodging        | |  2.4
Stealth        | |  1.2

Action                   || total
-------------------------++-------
Melee: Short sword       ||    28
Evoke: Wand              ||    10
  Use: Potion            ||     2
 Stab: Sleeping          ||     1
Armor: Leather armour    ||     6
Dodge: Dodged            ||    23

Table legend:
 A = Spawn XP
 B = Non-spawn XP
 C = Spawn XP percentage of total XP
 D = Spawn monster count
 E = Non-spawn monster count
 F = Spawn count percentage of total count
 G = Total turns spent on level
                    A         B        C        D         E        F      G
               +---------+---------+-------+---------+---------+-------+---------
         Total |       0 |      54 |   0.0 |       0 |      11 |   0.0 |   431
               +---------+---------+-------+---------+---------+-------+---------
           D:1 |       0 |      21 |   0.0 |       0 |       5 |   0.0 |   371
           D:3 |       0 |      33 |   0.0 |       0 |       6 |   0.0 |    50
               +---------+---------+-------+---------+---------+-------+---------
